 Dungeon Crawl Stone Soup version 0.30-a0-757-ga6a79fd877 (webtiles) character file.

Game seed: 14586943981174990018

43 sircluck the Trooper (level 3, -1/33 HPs)
             Began as a Hill Orc Fighter on Feb 9, 2023.
             Slain by a goblin
             ... wielding a +0 dagger
             ... led by Robin
              (3 damage)
             ... on level 2 of the Dungeon.
             The game lasted 00:02:09 (1021 turns).

sircluck the Trooper (Hill Orc Fighter)             Turns: 1021, Time: 00:02:09

Health: -1/33      AC:  9    Str: 20    XL:     3   Next: 58%
Magic:  3/3        EV:  9    Int:  8    God:
Gold:   50         SH:  9    Dex: 10    Spells: 2/2 levels left

rFire   . . .      SeeInvis .    a - +0 war axe
rCold   . . .      Faith    .    c - +0 buckler
rNeg    . . .      Spirit   .    b - +0 scale mail
rPois   .          Reflect  +    (no helmet)
rElec   .          Harm     .    (no cloak)
rCorr   .          Rampage  .    k - +0 pair of gloves
Will    .....                    h - +0 pair of boots Stlth
                                 j - amulet of reflection
HPRegen 0.25/turn                (no ring)
MPRegen 0.08/turn                (no ring)

@: no status effects
A: no striking features
a: no special abilities


You were on level 2 of the Dungeon.
You visited 1 branch of the dungeon, and saw 2 of its levels.

You collected 50 gold pieces.

Inventory:

Hand Weapons
 a - a +0 war axe (weapon)
Armour
 b - a +0 scale mail (worn)
 c - a +0 buckler (worn)
 h - a +0 pair of boots (worn)
 k - a +0 pair of gloves (worn)
Jewellery
 j - an amulet of reflection (around neck)
Scrolls
 f - a scroll of poison {unknown}
 g - a scroll of enchant weapon {unknown}
 i - a scroll of identify {unknown}
Potions
 d - a potion of might
 e - a potion of degeneration {unknown}
 l - a potion of haste {unknown}


   Skills:
 + Level 4.1 Fighting
 + Level 4.0 Axes
 + Level 3.4 Armour
 + Level 3.6 Shields


You had 2 spell levels left.
You didn't know any spells.
Your spell library contained the following spells:

 Spells                   Type           Power      Damage    Failure   Level
 Gell's Gravitas          Tloc           0%         N/A       99%         3
 Teleport Other           Tloc           0%         N/A       99%         3
 Dispersal                Tloc           0%         N/A       100%        6


Dungeon Overview and Level Annotations

Branches:
Dungeon (2/15)

Altars:

Annotations:
D:2 Robin


Message History

You closely miss the goblin. You hit the goblin but do no damage.
You barely miss the goblin. You barely miss the hobgoblin.
The hobgoblin no longer looks unusually strong.
The goblin no longer looks unusually strong.
The goblin hits you with a +0 club. The goblin hits you but does no damage.
Robin roars a battlecry!
The goblins go into a battle-frenzy!
The hobgoblin hits you. The goblin barely misses you.
You block the goblin's attack. The goblin closely misses you.
The goblin hits you but does no damage. The goblin misses you.
Robin says, "My goblins will feast on your bones."
The hobgoblin closely misses you.
You closely miss the goblin. You barely miss the goblin.
You closely miss the hobgoblin. You closely miss the goblin.
You hit the goblin.
The hobgoblin no longer looks unusually strong.
You block the goblin's attack. The goblin hits you but does no damage.
The goblin barely misses you. The hobgoblin barely misses you.
The goblin hits you but does no damage.
You hit the goblin.
The goblin is moderately wounded.
You miss the goblin. You slash the goblin!
You kill the goblin!
You closely miss the goblin. You barely miss the hobgoblin.
The goblin no longer looks unusually strong.
The hobgoblin no longer looks unusually strong.
The hobgoblin hits you. The goblin hits you with a +0 club.
* * * LOW HITPOINT WARNING * * *
You block the goblin's attack.
You closely miss the goblin.
The goblin is moderately wounded.
You barely miss the hobgoblin. You hit the goblin but do no damage.
You hit the goblin. You barely miss the hobgoblin.
The goblin hits you with a +0 club.
* * * LOW HITPOINT WARNING * * *
The hobgoblin misses you. The hobgoblin hits you.
* * * LOW HITPOINT WARNING * * *
You block the goblin's attack. The goblin hits you but does no damage.
The goblin hits you with a +0 dagger.
You die...

............#
............#
............#
............#
............#
............#
........g..#
......gggg#
.....gg@gg#
###########
#### ..# #.#
#<# ###


You could see Robin, 4 hobgoblins and 4 goblins.

Vanquished Creatures
  An adder (D:2)
  2 ball pythons
  2 endoplasms (D:1)
  A giant cockroach (D:1)
  8 goblins
  A hobgoblin (D:1)
  3 kobolds
  A quokka (D:1)
  5 bats
  5 frilled lizards
  4 rats
33 creatures vanquished.

Notes
Turn   | Place    | Note
-------+----------+-------------------------------------------
     0 | D:1      | sircluck the Hill Orc Fighter began the quest for the Orb.
     0 | D:1      | Reached XP level 1. HP: 19/19 MP: 1/1
   203 | D:1      | Reached XP level 2. HP: 24/27 MP: 2/2
   941 | D:2      | Reached XP level 3. HP: 33/33 MP: 3/3
  1000 | D:2      | Noticed Robin
  1021 | D:2      | Slain by a goblin

Illustrated notes

Levels and vault maps discovered:
D:1:      minmay_arrival_three_doors, layout_loops_ring, serial_forest,
          infiniplex_forest_side_room, infiniplex_forest_side_room,
          infiniplex_forest_lined_corner, infiniplex_forest_lined_room_2,
          infiniplex_forest_lined_corner, infiniplex_forest_lined_corner
D:2:      layout_basic, uniq_robin

Skill      XL: |  1  2  3 |
---------------+----------+-----
Fighting       | 4 |  4.1
Axes           | 3 4 |  4.0
Armour         | |  3.4
Shields        | |  3.6

Action                     || total
---------------------------++-------
  Melee: War axe           ||   112
 Armour: Scale mail        ||    66
  Dodge: Dodged            ||    56
  Block: Buckler           ||    50

Table legend: (Time is in decaauts)
 A = Elapsed time spent in this place.
 B = Non-inter-level travel time spent in this place.
 C = Inter-level travel time spent in this place.
 D = Time resting spent in this place.
 E = Time spent auto-exploring this place.
 F = Levels seen in this place.
 G = Mean time per level.
                   A        B        C        D        E       F      G
               +--------+--------+--------+--------+--------+-----+--------+
         Total |   1063 |    958 |    105 |      0 |    694 |   2 |  531.5 |
       Dungeon |   1063 |    958 |    105 |      0 |    694 |   2 |  531.5 |
               +--------+--------+--------+--------+--------+-----+--------+

Top non-repeatable levels by time:
     D:1: 965 daAuts
     D:2: 98 daAuts
